 Dungeon Crawl Stone Soup version 0.28.0-1-gb440e238dd (webtiles) character file.

Game seed: 712800713324582351

10566 fragbeetle the Cleaver (level 11, -5/99 HPs)
             Began as a Minotaur Monk on Feb 25, 2022.
             Was a Priest of Nemelex Xobeh.
             Slain by a death yak (25 damage)
             ... on level 11 of the Dungeon.
             The game lasted 00:23:14 (13741 turns).

fragbeetle the Cleaver (Minotaur Monk)             Turns: 13741, Time: 00:23:16

Health: -5/99      AC:  9    Str: 21    XL:     11   Next: 37%
Magic:  16/17      EV: 12    Int: 11    God:    Nemelex Xobeh [***...]
Gold:   609        SH:  5    Dex: 16    Spells: 10/10 levels left

rFire   . . .      SeeInvis +   I - +4 hand axe
rCold   . . .      Faith    .   (no shield)
rNeg    . . .      Spirit   .   D - +2 ring mail "Quasy" {+Inv Int+4 Dex+4 SInv}
rPois   .          Reflect  +   (helmet restricted)
rElec   .          Harm     .   d - +0 cloak
rCorr   +          Rampage  .   (no gloves)
Will    .....                   u - +0 pair of boots
Stlth   +.........              A - amulet of reflection
HPRegen 0.26/turn               g - ring of resist corrosion
MPRegen 0.15/turn               W - +4 ring of slaying

@: marked, studying Shields
A: horns 2, retaliatory headbutt
a: Renounce Religion, Evoke Invisibility, Draw Escape, Draw Destruction, Draw
Summoning, Triple Draw


You were on level 11 of the Dungeon.
You worshipped Nemelex Xobeh.
Nemelex Xobeh was most pleased with you.
You visited 2 branches of the dungeon, and saw 12 of its levels.
You also visited: Ossuary.

You collected 699 gold pieces.
You spent 90 gold pieces at shops.

Inventory:

Hand Weapons
 a - a +0 hand axe
 o - a +0 dagger of flaming
 G - a +0 hand crossbow
 H - a +2 vorpal falchion
 I - a +4 hand axe (weapon)
Missiles
 b - 20 bolts
 e - 5 poisoned darts (quivered)
 k - 6 silver boomerangs
Armour
 d - a +0 cloak (worn)
 u - a +0 pair of boots (worn)
 D - the +2 ring mail "Quasy" (worn) {+Inv Int+4 Dex+4 SInv}
   (You found it on level 6 of the Dungeon)

   Int:       It affects your intelligence (+4).
   Dex:       It affects your dexterity (+4).
   SInv:      It lets you see invisible.
   +Inv:      It lets you turn invisible.
Jewellery
 g - a ring of resist corrosion (left hand)
 j - a ring of magical power
 m - a ring of fire
 r - a +4 ring of evasion
 x - a ring of ice
 A - an amulet of reflection (around neck)
 J - an amulet of the acrobat
 U - a ring of wizardry
 W - a +4 ring of slaying (right hand)
Wands
 i - a wand of mindburst (13)
 v - a wand of polymorph (14)
 y - a wand of digging (9)
 O - a wand of iceblast (1)
 S - a wand of acid (5)
Scrolls
 c - a scroll of vulnerability
 n - a scroll of immolation {unknown}
 w - 4 scrolls of teleportation
 E - 6 scrolls of fear
 N - 3 scrolls of enchant weapon
 P - 2 scrolls of blinking
 Q - a scroll of silence {unknown}
 R - 2 scrolls of fog {unknown}
 V - a scroll of magic mapping {unknown}
Potions
 f - a potion of lignification {unknown}
 h - 2 potions of might {unknown}
 l - a potion of berserk rage {unknown}
 p - a potion of cancellation {unknown}
 q - 3 potions of heal wounds
 s - 2 potions of flight {unknown}
 t - 4 potions of brilliance
 z - a potion of magic {unknown}
 B - 8 potions of curing
 C - a potion of ambrosia {unknown}
 F - a potion of invisibility {unknown}
 K - a potion of mutation {unknown}
 L - 3 potions of haste {unknown}
 M - a potion of resistance {unknown}
 T - a potion of attraction {unknown}


   Skills:
 - Level 10.0 Fighting
 - Level 10.0 Axes
 - Level 3.2 Dodging
 - Level 1.5 Stealth
 + Level 9.6 Invocations
 - Level 10.0 Evocations


You had 10 spell levels left.
You didn't know any spells.
Your spell library contained the following spells:

 Spells                   Type           Power      Damage    Failure   Level
 Corpse Rot               Necr/Air       0%         N/A       65%         2
 Poisonous Vapours        Pois/Air       0%         N/A       65%         2
 Static Discharge         Conj/Air       0%         N/A       65%         2
 Tukima's Dance           Hex            0%         N/A       87%         3
 Animate Dead             Necr           0%         N/A       99%         4
 Passage of Golubria      Tloc           0%         N/A       99%         4
 Borgnjor's Vile Clutch   Necr/Erth      0%         N/A       100%        5
 Lightning Bolt           Conj/Air       0%         1d11      100%        5
 Yara's Violent Unravell  Hex/Tmut       0%         3d3       100%        5
 Death Channel            Necr           0%         N/A       100%        6
 Maxwell's Capacitive Co  Air            0%         ∞         100%        8


Dungeon Overview and Level Annotations

Branches:
Dungeon (11/15)            Temple (1/1) D:7            Lair (0/6) D:11
Ossuary (visited)
    Orc: D:9-12

Altars:
Ashenzari
Cheibriados
Dithmenos
Elyvilon
Fedhas
Gozag
Hepliaklqana
Kikubaaqudgha
Makhleb
Nemelex Xobeh
Okawaru
Qazlal
Ru
Sif Muna
Trog
Uskayaw
Vehumet
Wu Jian
Xom
Yredelemnul
Zin
The Shining One

Portals:
Abyss: D:5

Annotations:
D:3 3 runed translucent doors, Jenx's ghost, amateur MiFi
D:5 2 transporters, serioussanchez's ghost, amateur OpTm
D:6 exclusion: downstairs
D:7 Harold
D:8 exclusion: two-headed ogre
D:10 exclusion: 3 oklob plants


Innate Abilities, Weirdness & Mutations

You have a pair of horns on your head.
You reflexively headbutt those who attack you in melee.


Message History

You hit the death yak.
The death yak is severely wounded.
Fragbeetle's illusion hits the death yak but does no damage.
You hit the death yak.
The death yak is severely wounded.
You hit the death yak but do no damage. The death yak barely misses you.
Fragbeetle's illusion hits the death yak.
Unknown command.
You hit the death yak.
You headbutt the death yak, but do no damage.
The death yak is almost dead.
You barely miss the death yak. The death yak gores you!
The death yak gores you!!
Fragbeetle's illusion hits the death yak!
Unknown command.
You hit the death yak.
You kill the death yak!
You hit the death yak. The death yak misses you.
Unknown command.
You slash the death yak!
The death yak is lightly wounded.
You hit the death yak but do no damage. The death yak gores you!
The death yak gores you.
You hit the death yak. Your headbutt misses the death yak.
The death yak is lightly wounded.
You hit the death yak.
Fragbeetle's illusion hits the death yak.
Unknown command.
You hit the death yak.
The death yak is lightly wounded.
You hit the death yak. The death yak misses you. You furiously retaliate!
You headbutt the death yak! You block the death yak's attack.
Fragbeetle's illusion hits the death yak!
You slash the death yak! Your headbutt misses the death yak.
The death yak is heavily wounded.
You hit the death yak but do no damage. The death yak gores you!!
* * * LOW HITPOINT WARNING * * *
The death yak gores you!!
You die...
Your body disappears without a glow.

###..# ........# #..#
.........# #..#
...............# #..# #.
.#..............# #..#
#. ................#
#..# #.
................#####..#
#.
....#.>........YY......#
#.
............#..@@......#
#...# #.
.......#........######.#
#...# #.
............#...# #.#
#...# #.
.........##.#...# #.#
#...# #.
......####......# #.#
#...# #. ......#
#......# #.# #...# #.
......# #......# #.#
#...###. ......#
#......# #.###.......
.)....# #......#
#...........


You could see 2 death yaks and the friendly fragbeetle's illusion (summoned).

Vanquished Creatures
  2 two-headed ogres
  Erica (D:8)
  A death yak (D:11)
  A manticore (D:11)
  Pikel (D:7)
  An elephant (D:11)
  A gargoyle (D:11)
  A komodo dragon (D:10)
  A troll (D:10)
  A hornet (D:10)
  Prince Ribbit (D:7)
  Sigmund (D:4)
  2 wraiths
  10 yaks
  Menkaure (D:6)
  A floating eye (D:10)
  3 sky beasts
  An ice beast (D:6)
  3 orc warriors
  2 black bears
  A necrophage (D:6)
  An ogre (D:5)
  4 lemures
  2 phantoms (D:5)
  2 centaurs
  2 bullfrogs
  A gnoll sergeant (D:10)
  A scorpion (D:6)
  2 water moccasin skeletons
  6 killer bees (D:9)
  5 howler monkeys
  A bullfrog zombie (D:7)
  A human zombie (Ossuary)
  5 orc priests
  2 gnoll shamans
  A jelly (D:6)
  2 bullfrog skeletons
  2 hounds
  8 orc wizards
  5 iguanas
  3 hell rats (D:11)
  A hound zombie (Ossuary)
  5 mummies
  A howler monkey zombie (D:9)
  3 adders
  15 gnolls
  A river rat (D:11)
  2 shadow imps
  2 white imps (D:6)
  2 adder zombies (Ossuary)
  An adder skeleton (D:2)
  3 worms
  5 dart slugs
  30 orcs
  6 ball pythons
  8 bats
  8 endoplasms
  4 giant cockroaches
  9 goblins
  11 hobgoblins
  11 jackals
  4 quokkas
  4 frilled lizards
  A gnoll zombie (Ossuary)
  2 hobgoblin zombies (Ossuary)
  2 jackal zombies (Ossuary)
  6 kobolds
  2 kobold zombies (Ossuary)
  5 rats
  A rat zombie (Ossuary)
248 creatures vanquished.

Vanquished Creatures (collateral kills)
  A two-headed ogre (D:9)
1 creature vanquished.

Vanquished Creatures (others)
  2 plants (D:10)
2 creatures vanquished.

Grand Total: 251 creatures vanquished

Notes
Turn   | Place    | Note
-------+----------+-------------------------------------------
     0 | D:1      | fragbeetle the Minotaur Monk began the quest for the Orb.
     0 | D:1      | Reached XP level 1. HP: 19/19 MP: 0/0
   162 | D:1      | Reached XP level 2. HP: 21/26 MP: 1/1
   686 | D:1      | Reached skill level 5 in Axes
   697 | D:1      | Reached XP level 3. HP: 17/31 MP: 2/2
  1779 | D:2      | Reached XP level 4. HP: 38/39 MP: 3/3
  2616 | D:3      | Reached XP level 5. HP: 38/45 MP: 4/4
  2729 | D:3      | Noticed Jenx's ghost (amateur MiFi)
  2730 | D:3      | Found a runed translucent gate.
  2739 | D:3      | Found a runed translucent gate.
  2739 | D:3      | Found a runed translucent gate.
  3149 | D:4      | Noticed Sigmund
  3309 | D:4      | Killed Sigmund
  3310 | D:4      | Reached XP level 6. HP: 51/51 MP: 5/5
  3781 | D:5      | Entered Level 5 of the Dungeon
  3839 | D:5      | Reached XP level 7. HP: 44/57 MP: 6/6
  3960 | D:5      | Reached skill level 10 in Axes
  4083 | D:5      | Reached skill level 1 in Evocations
  4108 | D:5      | HP: 1/60 [phantom (8)]
  4700 | D:5      | Reached XP level 8. HP: 67/67 MP: 7/7
  4722 | D:5      | Found a transporter.
  4733 | D:5      | Found the ring of the Mage {Wiz Archmagi}
  4736 | D:5      | Found a transporter.
  4818 | D:5      | Found a one-way gate to the infinite horrors of the Abyss.
  4818 | D:5      | Noticed serioussanchez's ghost (amateur OpTm)
  4879 | D:6      | Found a glowing silver altar of Zin.
  4880 | D:6      | Found Zin's Purification Station.
  4885 | D:6      | Bought a potion of curing for 90 gold pieces
  4938 | D:5      | Reached skill level 5 in Evocations
  5337 | D:6      | Identified the +2 ring mail "Quasy" {+Inv Int+4 Dex+4 SInv}
  5412 | D:6      | Noticed Menkaure
  5420 | D:6      | Killed Menkaure
  5782 | D:6      | Reached XP level 9. HP: 16/72 MP: 8/8
  7467 | D:7      | Noticed Prince Ribbit
  7499 | D:7      | Killed Prince Ribbit
  7500 | D:7      | Reached skill level 10 in Evocations
  7507 | D:7      | Noticed Harold
  7544 | D:7      | Found a sand-covered staircase.
  7551 | Ossuary  | Entered an ossuary
  7567 | Ossuary  | Reached skill level 5 in Fighting
  7887 | D:7      | Found a staircase to the Ecumenical Temple.
  7893 | Temple   | Entered the Ecumenical Temple
  8297 | Temple   | Became a worshipper of Nemelex Xobeh the Trickster
  8297 | Temple   | Reached * piety under Nemelex Xobeh
  8297 | Temple   | Received a gift from Nemelex Xobeh
  8297 | Temple   | Reached ** piety under Nemelex Xobeh
  8332 | D:7      | Noticed Pikel
  8646 | D:7      | Received a gift from Nemelex Xobeh
  9053 | D:7      | Killed Pikel
  9054 | D:7      | Reached XP level 10. HP: 78/88 MP: 9/9
  9214 | D:7      | Paralysed by Harold for 3 turns
  9880 | D:8      | Noticed a two-headed ogre
  9940 | D:8      | Noticed Erica
  9964 | D:8      | Killed Erica
 10229 | D:9      | Received a gift from Nemelex Xobeh
 10258 | D:9      | Reached skill level 10 in Fighting
 10262 | D:9      | Reached skill level 1 in Invocations
 10642 | D:9      | Noticed a two-headed ogre
 10657 | D:9      | Killed a two-headed ogre
 10658 | D:9      | Reached skill level 5 in Invocations
 11303 | D:10     | Entered Level 10 of the Dungeon
 11303 | D:10     | Noticed an oklob plant
 11789 | D:10     | Noticed a two-headed ogre
 11795 | D:10     | Killed a two-headed ogre
 11842 | D:10     | Reached *** piety under Nemelex Xobeh
 11937 | D:10     | Reached XP level 11. HP: 66/99 MP: 15/15
 12195 | D:10     | Noticed an oklob plant
 12538 | D:10     | Noticed an oklob plant
 12732 | D:10     | Paralysed by a floating eye for 4 turns
 12837 | D:11     | Noticed a six-headed hydra
 12843 | D:11     | Noticed a spark wasp
 12843 | D:11     | a six-headed hydra changed into a spark wasp
 12848 | D:11     | a spark wasp changed into an elephant
 13150 | D:11     | Noticed a two-headed ogre
 13165 | D:11     | Killed a two-headed ogre
 13254 | D:11     | Received a gift from Nemelex Xobeh
 13705 | D:11     | Found a staircase to the Lair.
 13726 | D:11     | Noticed a death yak
 13726 | D:11     | Noticed a death yak
 13728 | D:11     | Noticed a death yak
 13737 | D:11     | Killed a death yak
 13741 | D:11     | Slain by a death yak

Illustrated notes

Levels and vault maps discovered:
D:1:      psy_arrival_spokes, layout_rooms, minmay_pentomino_x4
D:2:      layout_basic
D:3:      layout_loops_cross, gammafunk_ghost_nasty_kobolds
D:4:      layout_rooms, uniq_sigmund
D:5:      layout_gridville, gammafunk_ghost_abyssal_escape
D:6:      layout_gridville, zin_purify, uniq_menkaure
D:7:      layout_basic, minmay_temple_entry_hall, nicolae_ossuary_entry_giza,
          uniq_prince_ribbit1, uniq_harold, uniq_pikel
D:8:      layout_basic, minmay_tree_intersection, uniq_erica
D:9:      layout_basic, chequers_avenue
D:10:     layout_basic, disabler_island
D:11:     layout_long_grid, dpeg_lair_monsters, grunt_ministairs_5,
          grunt_decor_resistance
Temple:   mainiacjoe_temple_trianglar_array

Skill      XL: |  1  2  3  4  5  6  7  8  9 10 11 |
---------------+----------------------------------+-----
Axes           | 4 5 6 7 8 9 10 | 10.0
Fighting       | 4 7 10 | 10.0
Evocations     | 3 7 10 | 10.0
Invocations    | 7 9 |  9.6
Dodging        | |  3.2
Stealth        | |  1.5

Action                   |  1- 3 |  4- 6 |  7- 9 | 10-12 || total
-------------------------+-------+-------+-------+-------++-------
Melee: Hand axe          |   125 |   150 |   299 |   199 ||   773
       Headbutt          |    10 |    23 |    80 |    52 ||   165
       Punch             |       |     3 |     3 |     2 ||     8
       Falchion          |       |       |    39 |       ||    39
Invok: Draw Escape       |       |       |     1 |       ||     1
       Draw Destruction  |       |       |       |    10 ||    10
       Draw Summoning    |       |       |       |     2 ||     2
Evoke: Wand              |       |       |     4 |    15 ||    19
  Use: Scroll            |       |       |     1 |     6 ||     7
       Potion            |       |       |     1 |       ||     1
 Stab: Sleeping          |     4 |     1 |       |       ||     5
Armor: Robe              |    28 |     7 |       |       ||    35
       Scale mail        |       |    46 |    27 |       ||    73
       Skin              |       |     3 |       |       ||     3
       Ring mail         |       |       |    58 |    47 ||   105
Dodge: Dodged            |    74 |    59 |   147 |    93 ||   373
Block: Other             |       |       |    43 |    40 ||    83
       Reflection        |       |       |     1 |     1 ||     2
